Map: Tourmaline LE

Players

pirpa - Winner!

  • Race: Protoss Protoss
  • League: Gold
  • Spawn Location: 7:00

Sindyr

  • Race: Protoss Protoss
  • League: Gold
  • Spawn Location: 1:00

VOD

Have the link to the VOD?

Description

Time

  • Played on: Nov. 13, 2025, 3:15 p.m.
  • Length: 2:25
Show
View Real Time Build Order
Export as new Build Order

pirpa Protoss - Winner!

Build Orders:  

Get SALT Encoding   

  12  0:12  Probe  
  12  0:20  Probe  
  13  0:28  Pylon  
  14  0:30  Probe  
  14  0:34  Pylon  
  15  0:48  Forge  
  15  0:49  Probe  
  16  1:01  Probe  
  17  1:13  Probe  
  17  1:17  Pylon  
  18  1:32  Pylon  
  18  1:37  Photon Cannon  
  18  1:43  Photon Cannon  
  18  1:44  Pylon  
  18  1:50  Pylon  
  17  2:05  Gateway  
  17  2:15  Gateway  
  17  2:21  Assimilator  
  17  2:25  Assimilator  
Show
View Real Time Build Order
Export as new Build Order

Sindyr Protoss 

Build Orders:  

Get SALT Encoding   

  12  0:05  Probe  
  13  0:18  Probe  
  13  0:20  Pylon  
  14  0:30  Probe  
  15  0:42  Probe  
  16  0:43  Gateway  
  16  0:50  Assimilator  
  16  0:54  Probe  
  17  1:06  Probe  
  17  1:16  Probe  
  17  1:24  Probe  
  18  1:32  Zealot  
  21  1:33  Probe  
  22  1:45  Probe  
Tags
 
League
GoldGold
Matchup
PvP
Replay Pack
Multiplayer
Spawn Locations
Cross Positions
Add a new tag
Caveats
  • Supply blocks, unpowered buildings, or Contaminate may cause inaccurate times.
  • Supply counts are checked every 10 seconds.